TOP OF THE 1ST |
Boston Rebels batting - Pitching for St Charles Sheens : LHP Ben Moody
|
Pitching: LHP Ben Moody
|
|
Batting: LHB Bill Wilson
|
0-0: Ball 1-0: Ball 2-0: Ball 3-0: Fly out, F7 (Flyball, 7S)
|
Batting: SHB Álex Rosado
|
0-0: Ball 1-0: Called Strike 1-1: Fly out, F9 (Flyball, 89M)
|
Batting: LHB Bill Wilson
|
0-0: Ball 1-0: Reached on error, E4 (Groundball, 4)
|
Batting: LHB Lorenzo Flores
|
Pickoff Throw to First - Out!
|
Top of the 1st over - 0 run(s), 0 hit(s), 1 error(s), 0 left on base; Boston 0 - St Charles 0 |
BOTTOM OF THE 1ST |
St Charles Sheens batting - Pitching for Boston Rebels : LHP Dave Huot
|
Pitching: LHP Dave Huot
|
|
Batting: RHB Alfredo Rivera
|
0-0: Foul Ball, location: 2F 0-1: Swinging Strike 0-2: SINGLE (Groundball, 25) (infield hit)
|
Batting: LHB Jeff Carter
|
0-0: Ball 1-0: Ball 2-0: Foul Ball, location: 2F 2-1: Called Strike 2-2: Foul Ball, location: 2F 2-2: SINGLE (Groundball, 34D) Alfredo Rivera to second Runner from 2nd tries for 3rd, SAFE, throw made to third
|
Batting: RHB Judson Backstrom
|
0-0: Ball 1-0: Called Strike 1-1: Fly out, F3 (Popup, 3S)
|
Batting: LHB Bob Ware
|
0-0: Ball 1-0: Ball 2-0: Called Strike 2-1: Ball 3-1: Base on Balls Jeff Carter to second
|
Batting: SHB Richard Bowman
|
0-0: Called Strike 0-1: Called Strike 0-2: Strikes out swinging
|
Batting: RHB Júlio Hernández
|
0-0: Ball 1-0: Ball 2-0: Foul Ball, location: 2F 2-1: Called Strike 2-2: Ball 3-2: Strikes out swinging
|
Bottom of the 1st over - 0 run(s), 2 hit(s), 0 error(s), 3 left on base; Boston 0 - St Charles 0 |
TOP OF THE 2ND |
Boston Rebels batting - Pitching for St Charles Sheens : LHP Ben Moody
|
Batting: LHB Lorenzo Flores
|
0-0: Ball 1-0: Fly out, F7 (Flyball, 7LM)
|
Batting: SHB Javier Villegas
|
0-0: Ground out 1-3 (Groundball, 13)
|
Batting: RHB Ronnie Brown
|
0-0: Called Strike 0-1: Called Strike 0-2: Ball 1-2: Strikes out swinging
|
Top of the 2nd over - 0 run(s), 0 hit(s), 0 error(s), 0 left on base; Boston 0 - St Charles 0 |
BOTTOM OF THE 2ND |
St Charles Sheens batting - Pitching for Boston Rebels : LHP Dave Huot
|
Batting: LHB Gene Cooper
|
0-0: Ball 1-0: Swinging Strike 1-1: Ball 2-1: Ball 3-1: Foul Ball, location: 2F 3-2: Ground out 4-3 (Groundball, 4M)
|
Batting: RHB Xavier Feliciano
|
0-0: Foul Ball, location: 2F 0-1: Swinging Strike 0-2: Ball 1-2: Fly out, F9 (Flyball, 9M)
|
Batting: RHB Dan Tyler
|
0-0: Called Strike 0-1: Ball 1-1: Ball 2-1: Ball 3-1: Ground out 5-3 (Groundball, 5)
|
Bottom of the 2nd over - 0 run(s), 0 hit(s), 0 error(s), 0 left on base; Boston 0 - St Charles 0 |
TOP OF THE 3RD |
Boston Rebels batting - Pitching for St Charles Sheens : LHP Ben Moody
|
Batting: LHB Jeff Gordon
|
0-0: Called Strike 0-1: Swinging Strike 0-2: Fly out, F7 (Popup, 7LS)
|
Batting: RHB Rubén Matos
|
0-0: Called Strike 0-1: Ball 1-1: Ball 2-1: Ground out 4-3 (Groundball, 4)
|
Batting: LHB Tony Ramírez
|
0-0: Ball 1-0: Ball 2-0: Called Strike 2-1: Foul Ball, location: 2F 2-2: Ground out 5-3 (Groundball, 5S)
|
Top of the 3rd over - 0 run(s), 0 hit(s), 0 error(s), 0 left on base; Boston 0 - St Charles 0 |
BOTTOM OF THE 3RD |
St Charles Sheens batting - Pitching for Boston Rebels : LHP Dave Huot
|
Batting: RHB Alfredo Rivera
|
0-0: Ball 1-0: SOLO HOME RUN (Flyball, 78XD), Distance : 421 ft
|
Batting: LHB Jeff Carter
|
0-0: Called Strike 0-1: Ball 1-1: Foul Ball, location: 2F 1-2: Fly out, F4 (Line Drive, 4)
|
Batting: RHB Judson Backstrom
|
0-0: Ball 1-0: Ball 2-0: Called Strike 2-1: Ball 3-1: Swinging Strike 3-2: DOUBLE (Flyball, 89D)
|
Batting: LHB Bob Ware
|
0-0: Ball 1-0: Ball 2-0: Foul Ball, location: 2F 2-1: Foul Ball, location: 2F 2-2: Fly out, F8 (Line Drive, 78S) 2-2: Lined into DP, 8-4 (Line Drive, 78S)
|
Bottom of the 3rd over - 1 run(s), 2 hit(s), 0 error(s), 0 left on base; Boston 0 - St Charles 1 |
TOP OF THE 4TH |
Boston Rebels batting - Pitching for St Charles Sheens : LHP Ben Moody
|
Batting: LHB Bill Wilson
|
0-0: Called Strike 0-1: Fly out, F7 (Flyball, 7LM)
|
Batting: SHB Álex Rosado
|
0-0: Foul Ball, location: 2F 0-1: SOLO HOME RUN (Line Drive, 9D), Distance : 414 ft
|
Batting: LHB Bill Wilson
|
0-0: Ball 1-0: Swinging Strike 1-1: Foul Ball, location: 2F 1-2: Ball 2-2: Foul Ball, location: 2F 2-2: Strikes out swinging
|
Batting: LHB Lorenzo Flores
|
0-0: Ball 1-0: Fly out, F9 (Line Drive, 89S)
|
Top of the 4th over - 1 run(s), 1 hit(s), 0 error(s), 0 left on base; Boston 1 - St Charles 1 |
BOTTOM OF THE 4TH |
St Charles Sheens batting - Pitching for Boston Rebels : LHP Dave Huot
|
Batting: SHB Richard Bowman
|
0-0: Ball 1-0: Called Strike 1-1: SINGLE (Groundball, 6MD)
|
Batting: RHB Júlio Hernández
|
0-0: Fly out, F9 (Flyball, 9LM)
|
Batting: LHB Gene Cooper
|
0-0: Ball 1-0: Ball 2-0: Called Strike 2-1: Foul Ball, location: 2F 2-2: Fly out, F8 (Flyball, 8LM)
|
Batting: RHB Xavier Feliciano
|
0-0: Called Strike 0-1: Ball 1-1: Fly out, F8 (Flyball, 8LS)
|
Bottom of the 4th over - 0 run(s), 1 hit(s), 0 error(s), 1 left on base; Boston 1 - St Charles 1 |
TOP OF THE 5TH |
Boston Rebels batting - Pitching for St Charles Sheens : LHP Ben Moody
|
Batting: SHB Javier Villegas
|
0-0: Ball 1-0: Called Strike 1-1: Called Strike 1-2: Strikes out swinging
|
Batting: RHB Ronnie Brown
|
0-0: SINGLE (Line Drive, 89M)
|
Batting: LHB Jeff Gordon
|
0-0: Called Strike 0-1: Ball 1-1: Foul Ball, location: 2F 1-2: Foul Ball, location: 2F 1-2: Strikes out swinging
|
Batting: RHB Rubén Matos
|
0-0: Fly out, F7 (Popup, 6D)
|
Top of the 5th over - 0 run(s), 1 hit(s), 0 error(s), 1 left on base; Boston 1 - St Charles 1 |
BOTTOM OF THE 5TH |
St Charles Sheens batting - Pitching for Boston Rebels : LHP Dave Huot
|
Batting: RHB Dan Tyler
|
0-0: Ball 1-0: Fly out, F5 (Line Drive, 56)
|
Batting: RHB Alfredo Rivera
|
0-0: Ball 1-0: Called Strike 1-1: Foul Ball, location: 2F 1-2: DOUBLE (Line Drive, 9LD)
|
Batting: LHB Jeff Carter
|
0-0: Called Strike 0-1: Ball 1-1: Ball 2-1: Ball 3-1: Called Strike 3-2: Foul Ball, location: 2F 3-2: Foul Ball, location: 2F 3-2: Foul Ball, location: 2F 3-2: Ground out 1-3 (Groundball, 25)
|
Batting: RHB Judson Backstrom
|
0-0: 2-RUN HOME RUN (Flyball, 9D), Distance : 414 ft
|
Batting: LHB Bob Ware
|
0-0: Ground out 6-3 (Groundball, 6M)
|
Bottom of the 5th over - 2 run(s), 2 hit(s), 0 error(s), 0 left on base; Boston 1 - St Charles 3 |
TOP OF THE 6TH |
Boston Rebels batting - Pitching for St Charles Sheens : LHP Ben Moody
|
Batting: LHB Tony Ramírez
|
0-0: Called Strike 0-1: Swinging Strike 0-2: Strikes out swinging
|
Batting: LHB Bill Wilson
|
0-0: Swinging Strike 0-1: Called Strike 0-2: Ball 1-2: Foul Ball, location: 2F 1-2: Ball 2-2: Foul Ball, location: 2F 2-2: Strikes out swinging
|
Batting: SHB Álex Rosado
|
0-0: Called Strike 0-1: Fly out, F9 (Flyball, 89XD)
|
Top of the 6th over - 0 run(s), 0 hit(s), 0 error(s), 0 left on base; Boston 1 - St Charles 3 |
BOTTOM OF THE 6TH |
St Charles Sheens batting - Pitching for Boston Rebels : LHP Dave Huot
|
Pitching: LHP Yoshihiro Hasegawa
|
|
Batting: SHB Richard Bowman
|
0-0: Foul Ball, location: 2F 0-1: Ball 1-1: Ball 2-1: Fly out, F5 (Line Drive, 5S)
|
Batting: RHB Júlio Hernández
|
0-0: Ground out 2-3 (Groundball, 2R)
|
Batting: LHB Gene Cooper
|
0-0: Ball 1-0: Foul Ball, location: 2F 1-1: Ground out 4-3 (Groundball, 4)
|
Bottom of the 6th over - 0 run(s), 0 hit(s), 0 error(s), 0 left on base; Boston 1 - St Charles 3 |
TOP OF THE 7TH |
Boston Rebels batting - Pitching for St Charles Sheens : LHP Ben Moody
|
Batting: LHB Bill Wilson
|
0-0: Ball 1-0: Swinging Strike 1-1: Called Strike 1-2: Strikes out swinging
|
Batting: LHB Lorenzo Flores
|
0-0: Called Strike 0-1: Ball 1-1: Foul Ball, location: 2F 1-2: Ball 2-2: Foul Ball, location: 2F 2-2: Foul Ball, location: 2F 2-2: Strikes out swinging
|
Batting: SHB Javier Villegas
|
0-0: Fly out, F9 (Flyball, 9D)
|
Top of the 7th over - 0 run(s), 0 hit(s), 0 error(s), 0 left on base; Boston 1 - St Charles 3 |
BOTTOM OF THE 7TH |
St Charles Sheens batting - Pitching for Boston Rebels : LHP Yoshihiro Hasegawa
|
Batting: RHB Xavier Feliciano
|
0-0: Called Strike 0-1: Ball 1-1: Foul Ball, location: 2F 1-2: Ground out 6-3 (Groundball, 6M)
|
Batting: RHB Dan Tyler
|
0-0: Ball 1-0: Foul Ball, location: 2F 1-1: Ground out 5-3 (Groundball, 5)
|
Batting: RHB Alfredo Rivera
|
0-0: Foul Ball, location: 2F 0-1: Ball 1-1: Ball 2-1: Ball 3-1: Base on Balls
|
Batting: LHB Jeff Carter
|
0-0: Called Strike Alfredo Rivera steals 2nd base 0-1: Ball 1-1: Called Strike 1-2: Strikes out swinging
|
Bottom of the 7th over - 0 run(s), 0 hit(s), 0 error(s), 1 left on base; Boston 1 - St Charles 3 |
TOP OF THE 8TH |
Boston Rebels batting - Pitching for St Charles Sheens : LHP Ben Moody
|
Batting: RHB Ronnie Brown
|
0-0: Called Strike 0-1: SINGLE (Line Drive, 89S)
|
Batting: LHB Jeff Gordon
|
0-0: Ball 1-0: 2-RUN HOME RUN (Line Drive, 7D), Distance : 394 ft
|
Batting: RHB Rubén Matos
|
0-0: Ball 1-0: Ball 2-0: Ground out 6-3 (Groundball, 6)
|
Pinch Hitting: RHB Rob Whitley
|
0-0: SINGLE (Groundball, 4MD)
|
Batting: LHB Bill Wilson
|
0-0: Ball 1-0: Ball 2-0: Ball 3-0: Foul Ball, location: 2F 3-1: Base on Balls Rob Whitley to second
|
Batting: SHB Álex Rosado
|
0-0: Ball 1-0: Bunted foul 1-1: Ball 2-1: Ball 3-1: Sac Bunt - play at first, batter OUT! U3 Rob Whitley to third Bill Wilson to second
|
Batting: LHB Bill Wilson
|
0-0: Ground out 3-1 (Groundball, 34)
|
Top of the 8th over - 2 run(s), 3 hit(s), 0 error(s), 2 left on base; Boston 3 - St Charles 3 |
BOTTOM OF THE 8TH |
St Charles Sheens batting - Pitching for Boston Rebels : LHP Yoshihiro Hasegawa
|
Pitching: RHP Jorge Delgado
|
|
Now at SS: Wilson Gómez
|
|
Batting: RHB Judson Backstrom
|
0-0: Ball 1-0: Ball 2-0: Called Strike 2-1: DOUBLE (Line Drive, 7LM)
|
Batting: LHB Bob Ware
|
0-0: Intentional Walk
|
Batting: SHB Richard Bowman
|
0-0: Ball 1-0: Ball 2-0: DOUBLE (Flyball, 78XD) Judson Backstrom scores Bob Ware to third Runner from 3rd tries for Home, throw and OUT! Richard Bowman to third
|
Pinch Hitting: RHB Max Rash
|
0-0: Ball 1-0: Foul Ball, location: 2F 1-1: Foul Ball, location: 2F 1-2: Strikes out looking
|
Batting: LHB Gene Cooper
|
0-0: Swinging Strike 0-1: Ground out 4-3 (Groundball, 4)
|
Bottom of the 8th over - 1 run(s), 2 hit(s), 0 error(s), 1 left on base; Boston 3 - St Charles 4 |
TOP OF THE 9TH |
Boston Rebels batting - Pitching for St Charles Sheens : LHP Ben Moody
|
Pitching: RHP Juan Rivera
|
|
Now in RF: Guo-xiu Choi
|
|
Batting: LHB Lorenzo Flores
|
0-0: Ball 1-0: Ball 2-0: Foul Ball, location: 2F 2-1: Ball 3-1: Swinging Strike 3-2: Strikes out looking
|
Batting: SHB Javier Villegas
|
0-0: Ball 1-0: Ball 2-0: Called Strike 2-1: Called Strike 2-2: Foul Ball, location: 2F 2-2: Foul Ball, location: 2F 2-2: Foul Ball, location: 2F 2-2: Strikes out swinging
|
Batting: RHB Ronnie Brown
|
0-0: Ball 1-0: Ball 2-0: Ground out 6-3 (Groundball, 6)
|
Top of the 9th over - 0 run(s), 0 hit(s), 0 error(s), 0 left on base; Boston 3 - St Charles 4 |
|